Blackhawks vs Rangers
Created - January 17, 2019 at 20:12
Goals
|
Blackhawks |
1 |
0 |
2 |
0 |
3 |
Rangers |
0 |
2 |
1 |
1 |
4 |
|
Shots
|
Blackhawks |
4 |
9 |
13 |
0 |
26 |
Rangers |
2 |
15 |
10 |
3 |
30 |
|
1st period
1. Blackhawks , Derick Brassard 15 (Antoine Roussel 24, Mike Green 11) at 19:27 (PP)
Penalties :
Colten Teubert (NYR) for Interference (Minor) at 1:20, Joni Pitkanen (Chi) for Interference (Minor) at 7:26, Milan Lucic (NYR) for Hooking (Minor) at 13:59, Patrice Bergeron (NYR) for High sticking (Minor) at 19:04
2nd period
2. Rangers , Alex Tanguay 13 (Milan Lucic 34) at 1:47
3. Rangers , Ryan Suter 1 (Milan Lucic 35, Patrice Bergeron 28) at 10:30 (PP)
Penalties :
Chris Bourque (NYR) for High sticking (Minor) at 1:22, Derick Brassard (Chi) for Slashing (Minor) at 1:29, Antoine Roussel (Chi) for Tripping (Minor) at 8:44, Gustav Nyquist (NYR) for Holding Stick (Minor) at 12:40, Jakob Silfverberg (NYR) for Roughing (Minor) at 12:43, Tomas Fleischmann (Chi) for Roughing (Minor) at 17:45
3rd period
4. Blackhawks , Antoine Roussel 9 (Derick Brassard 32, Joni Pitkanen 9) at 1:05
5. Rangers , Stephen Weiss 20 (Sean Couturier 22, Gustav Nyquist 19) at 4:55 (PP)
6. Blackhawks , Rick Nash 21 (Joni Pitkanen 10, Antoine Roussel 25) at 13:54
Penalties :
Lasse Kukkonen (Chi) for Interference (Minor) at 4:17, Rick Nash (Chi) for Holding Stick (Minor) at 18:10
Overtime #1
7. Rangers , Gustav Nyquist 9 (Matt Read 16) at 0:57
Penalties :
No Penalty
Goalie Stats
Jimmy Howard (Chi), 26 saves from 30 shots - (0.867), OTL, 12-14-3, 60:57 minutes
Frederik Andersen (NYR), 23 saves from 26 shots - (0.885), W, 18-11-2, 60:57 minutes
Players Stats for Blackhawks
Player Name G A P +/- PIM S H SB GA TA FO MP PP MP PK MP
------------------------------------------------------------------------------------
Antoine Roussel 1 2 3 1 2 2 2 0 0 0 1/2 20:21 3:36 1:38
Cam Janssen 0 0 0 0 0 1 2 0 0 0 0/0 7:01 0:07 0:00
Chris Kreider 0 0 0 0 0 1 1 0 0 0 0/0 15:21 2:47 1:34
Daniel Cleary 0 0 0 0 0 0 2 1 0 1 0/2 12:54 0:00 1:39
Denis Grebeshkov 0 0 0 -2 0 2 1 0 1 1 0/0 21:35 2:48 2:40
Derick Brassard 1 1 2 2 2 7 3 0 0 2 18/32 24:34 3:35 4:59
Hampus Lindholm 0 0 0 0 0 0 1 1 0 0 0/0 10:17 0:00 0:59
Joni Pitkanen 0 2 2 2 2 2 1 6 3 0 0/0 29:26 3:42 4:49
Kevin Marshall 0 0 0 0 0 0 0 0 0 0 0/0 9:18 0:00 0:00
Lasse Kukkonen 0 0 0 -2 2 0 0 0 0 2 0/0 21:04 2:48 2:47
Mason Raymond 0 0 0 0 0 0 0 0 0 0 0/0 6:47 0:00 0:07
Michael Frolik 0 0 0 0 0 1 0 0 0 0 0/1 13:08 2:47 0:00
Mike Green 0 1 1 2 0 0 2 2 2 0 0/0 30:34 3:42 5:41
Peter Regin 0 0 0 -1 0 4 4 1 2 0 4/7 11:48 0:07 0:00
Rick Nash 1 0 1 1 2 6 1 1 0 2 8/14 24:56 3:36 4:04
Tomas Fleischmann 0 0 0 0 2 0 1 0 0 2 0/1 11:28 0:07 0:00
Tyler Johnson 0 0 0 -1 0 0 1 1 1 0 7/12 16:00 2:47 2:35
Zac Rinaldo 0 0 0 0 0 0 0 0 0 0 1/4 6:50 0:00 0:10
Players Stats for Rangers
Player Name G A P +/- PIM S H SB GA TA FO MP PP MP PK MP
------------------------------------------------------------------------------------
Alex Tanguay 1 0 1 1 0 5 0 1 2 2 0/0 13:17 0:00 2:02
Alexei Emelin 0 0 0 -1 0 0 1 0 0 0 0/0 10:04 0:00 0:00
Artem Anisimov 0 0 0 -1 0 2 0 1 0 0 3/6 7:55 0:00 0:00
Cam Barker 0 0 0 0 0 2 1 1 1 0 0/0 29:39 4:50 4:10
Chris Bourque 0 0 0 -1 2 0 0 0 0 1 0/0 9:00 0:07 0:11
Colten Teubert 0 0 0 -1 2 0 1 0 0 0 0/0 10:31 0:00 0:00
Gustav Nyquist 1 1 2 1 2 2 1 0 1 0 2/3 15:58 3:19 1:11
Jakob Silfverberg 0 0 0 -1 2 5 1 1 1 2 3/3 22:25 4:52 2:33
James Neal 0 0 0 0 0 0 1 1 0 0 0/0 14:23 3:26 0:00
Magnus Paajarvi-Svensson 0 0 0 -1 0 0 1 0 0 0 0/0 7:55 0:00 0:00
Mark Fistric 0 0 0 0 0 0 1 2 0 0 0/0 24:34 0:00 4:10
Matt Greene 0 0 0 1 0 1 0 1 0 1 0/0 17:38 0:07 2:20
Matt Read 0 1 1 1 0 2 0 0 2 0 0/1 14:57 4:50 0:00
Milan Lucic 0 2 2 0 2 6 4 1 1 0 7/13 24:20 4:52 2:43
Patrice Bergeron 0 1 1 -1 2 2 0 0 2 2 13/30 21:25 4:59 1:00
Ryan Suter 1 0 1 1 0 2 3 2 0 1 0/0 21:14 3:28 2:20
Sean Couturier 0 1 1 0 0 0 1 0 0 0 5/15 15:14 3:21 1:23
Stephen Weiss 1 0 1 0 0 1 1 1 0 0 3/4 12:55 3:19 0:00
3 Stars
1 - Antoine Roussel (Chi)
2 - Derick Brassard (Chi)
3 - Ryan Suter (NYR)
Power Play
Blackhawks - 1 on 6 Attempt(s) - 16.67%
Rangers - 2 on 6 Attempt(s) - 33.33%
Penalty Kill
Blackhawks - 4 on 6 Attempt(s) - 66.67%
- Score 0 goal in Penalty Kill
Rangers - 5 on 6 Attempt(s) - 83.33%
- Score 0 goal in Penalty Kill
Team Stat
Blackhawks - Hits : 22 - Faceoff Wins : 39 - Blocked Shots : 13 - Penalty Minutes : 12
Rangers - Hits : 17 - Faceoff Wins : 36 - Blocked Shots : 12 - Penalty Minutes : 12
Official
Referees : Unknown
Linesman : Unknown
Game Notes
15:18 of 2nd period - Blackhawks goal is going for a video replay. After video review, No Goal. The puck has been directed, batted or thrown into the net by an attacking player other than with a stick.
Finance
Level 1 -- Attendance: 4527 (75.45%) -- Ticket Income $430,065
Level 2 -- Attendance: 3828 (76.56%) -- Ticket Income $229,680
Level 3 -- Attendance: 1964 (98.20%) -- Ticket Income $68,740
Level 4 -- Attendance: 4000 (100.00%) -- Ticket Income $100,000
Luxury Box -- Attendance: 695 (69.50%) -- Ticket Income $125,100
Game was played at the Madison Square Garden.
Total Attendance: 15014 (83.41%)
Total Ticket Income: $953,585
Other Income: $143,038
Total Income: $1,096,623
Blackhawks
5 vs 5 Forward
Center Left Wing Right Wing Time % Phy DF OF
1 Derick Brassard Antoine Roussel Rick Nash 40 1 2 2
2 Tyler Johnson Chris Kreider Michael Frolik 30 1 2 2
3 Peter Regin Tomas Fleischmann Daniel Cleary 20 1 2 2
4 Zac Rinaldo Mason Raymond Cam Janssen 10 1 2 2
5 vs 5 Defense
Defense Defense Time % Phy DF OF
1 Mike Green Joni Pitkanen 40 1 2 2
2 Denis Grebeshkov Lasse Kukkonen 30 1 2 2
3 Kevin Marshall Hampus Lindholm 20 1 2 2
4 Mike Green Joni Pitkanen 10 1 2 2
PowerPlay Forward
Center Left Wing Right Wing Time % Phy DF OF
1 Derick Brassard Antoine Roussel Rick Nash 60 1 2 2
2 Tyler Johnson Chris Kreider Michael Frolik 40 1 2 2
PowerPlay Defense
Defense Defense Time % Phy DF OF
1 Mike Green Joni Pitkanen 60 1 2 2
2 Denis Grebeshkov Lasse Kukkonen 40 1 2 2
Penalty Kill 4 Players Forward
Center Wing Time % Phy DF OF
1 Rick Nash Derick Brassard 60 1 2 2
2 Tyler Johnson Antoine Roussel 40 1 2 2
Penalty Kill 4 Players Defense
Defense Defense Time % Phy DF OF
1 Mike Green Joni Pitkanen 60 1 2 2
2 Denis Grebeshkov Lasse Kukkonen 40 1 2 2
Penalty Kill - 3 Players Forward
Forward Time % Phy DF OF
1 Rick Nash 60 1 2 2
2 Derick Brassard 40 1 2 2
Penalty Kill - 3 Players Defense
Defense Defense Time % Phy DF OF
1 Mike Green Joni Pitkanen 60 1 2 2
2 Denis Grebeshkov Lasse Kukkonen 40 1 2 2
4 vs 4 Forward
Center Wing Time % Phy DF OF
1 Rick Nash Derick Brassard 60 1 2 2
2 Tyler Johnson Antoine Roussel 40 1 2 2
4 vs 4 Defense
Defense Defense Time % Phy DF OF
1 Mike Green Joni Pitkanen 60 1 2 2
2 Denis Grebeshkov Lasse Kukkonen 40 1 2 2
Last Minutes Offensive
Center Left Wing Right Wing Defense Defense
Derick Brassard Antoine Roussel Rick Nash Mike Green Joni Pitkanen
Last Minutes Defensive
Center Left Wing Right Wing Defense Defense
Derick Brassard Antoine Roussel Rick Nash Mike Green Joni Pitkanen
Goaltenders
Starting : Jimmy Howard
Backup : Al Montoya
Extra Forwards
Normal : Peter Regin, Tomas Fleischmann, Daniel Cleary - PP : Peter Regin, Tomas Fleischmann - PK : Daniel Cleary
Extra Defensemen
Normal : Kevin Marshall, Hampus Lindholm, Denis Grebeshkov - PP : Kevin Marshall - PK : Hampus Lindholm, Denis Grebeshkov
Penalty Shots
Rick Nash, Derick Brassard, Tyler Johnson, Antoine Roussel, Chris Kreider
Scratches
None
Rangers
5 vs 5 Forward
Center Left Wing Right Wing Time % Phy DF OF
1 Patrice Bergeron Milan Lucic Jakob Silfverberg 40 1 2 2
2 Sean Couturier Gustav Nyquist James Neal 30 1 2 2
3 Stephen Weiss Alex Tanguay Matt Read 20 1 2 2
4 Artem Anisimov Magnus Paajarvi-Svensson Chris Bourque 10 1 2 2
5 vs 5 Defense
Defense Defense Time % Phy DF OF
1 Cam Barker Mark Fistric 40 1 2 2
2 Ryan Suter Matt Greene 30 1 2 2
3 Alexei Emelin Colten Teubert 20 1 2 2
4 Cam Barker Mark Fistric 10 1 2 2
PowerPlay Forward
Center Left Wing Right Wing Time % Phy DF OF
1 Patrice Bergeron Milan Lucic Jakob Silfverberg 60 1 2 2
2 Stephen Weiss Gustav Nyquist James Neal 40 1 2 2
PowerPlay Defense
Defense Defense Time % Phy DF OF
1 Cam Barker Matt Read 60 1 2 2
2 Ryan Suter Sean Couturier 40 1 2 2
Penalty Kill 4 Players Forward
Center Wing Time % Phy DF OF
1 Milan Lucic Jakob Silfverberg 60 1 2 2
2 Patrice Bergeron Alex Tanguay 40 1 2 2
Penalty Kill 4 Players Defense
Defense Defense Time % Phy DF OF
1 Cam Barker Mark Fistric 60 1 2 2
2 Ryan Suter Matt Greene 40 1 2 2
Penalty Kill - 3 Players Forward
Forward Time % Phy DF OF
1 Milan Lucic 60 1 2 2
2 Alex Tanguay 40 1 2 2
Penalty Kill - 3 Players Defense
Defense Defense Time % Phy DF OF
1 Cam Barker Mark Fistric 60 1 2 2
2 Ryan Suter Matt Greene 40 1 2 2
4 vs 4 Forward
Center Wing Time % Phy DF OF
1 Milan Lucic Alex Tanguay 60 1 2 2
2 Patrice Bergeron James Neal 40 1 2 2
4 vs 4 Defense
Defense Defense Time % Phy DF OF
1 Cam Barker Mark Fistric 60 1 2 2
2 Ryan Suter Matt Greene 40 1 2 2
Last Minutes Offensive
Center Left Wing Right Wing Defense Defense
Patrice Bergeron Milan Lucic Jakob Silfverberg Cam Barker Mark Fistric
Last Minutes Defensive
Center Left Wing Right Wing Defense Defense
Patrice Bergeron Milan Lucic Jakob Silfverberg Cam Barker Mark Fistric
Goaltenders
Starting : Frederik Andersen
Backup : Braden Holtby
Extra Forwards
Normal : Alex Tanguay, Matt Read, Gustav Nyquist - PP : Alex Tanguay, Matt Read - PK : Gustav Nyquist
Extra Defensemen
Normal : Alexei Emelin, Colten Teubert, Ryan Suter - PP : Alexei Emelin - PK : Colten Teubert, Ryan Suter
Penalty Shots
Milan Lucic, Jakob Silfverberg, Patrice Bergeron, James Neal, Stephen Weiss
Scratches
None
% Time on Ice - Blackhawks
Lines # - Real PCT - Wanted PCT - Time Play
Normal Forward
1 - 36% - 40% - 15:46
2 - 24% - 30% - 10:35
3 - 24% - 20% - 10:19
4 - 15% - 10% - 6:40
Normal Defense
1 - 42% - 40% - 18:13
2 - 33% - 30% - 14:05
3 - 21% - 20% - 9:18
4 - 4% - 10% - 1:44
PP Forward
1 - 55% - 60% - 3:36
2 - 45% - 40% - 2:54
PP Defense
1 - 57% - 60% - 3:42
2 - 43% - 40% - 2:48
PK Forward
1 - 80% - 60% - 6:40
2 - 20% - 40% - 1:38
PK Defense
1 - 72% - 60% - 5:58
2 - 28% - 40% - 2:20
PK3 Forward
1 - 100% - 60% - 0:10
2 - 0% - 40% - 0:00
PK3 Defense
1 - 100% - 60% - 0:10
2 - 0% - 40% - 0:00
44 Forward
1 - 97% - 60% - 2:35
2 - 3% - 40% - 0:04
44 Defense
1 - 47% - 60% - 1:14
2 - 53% - 40% - 1:25
Last Minute Offensive - 0:00
Last Minute Defensive - 0:00
Total
Forward - 60:57
Defense - 60:57
|
% Time on Ice - Rangers
Lines # - Real PCT - Wanted PCT - Time Play
Normal Forward
1 - 36% - 40% - 15:29
2 - 24% - 30% - 10:26
3 - 22% - 20% - 9:30
4 - 18% - 10% - 7:55
Normal Defense
1 - 42% - 40% - 18:07
2 - 33% - 30% - 14:29
3 - 23% - 20% - 10:04
4 - 2% - 10% - 0:40
PP Forward
1 - 59% - 60% - 4:52
2 - 41% - 40% - 3:26
PP Defense
1 - 58% - 60% - 4:50
2 - 42% - 40% - 3:28
PK Forward
1 - 84% - 60% - 3:50
2 - 16% - 40% - 0:44
PK Defense
1 - 70% - 60% - 3:11
2 - 30% - 40% - 1:23
PK3 Forward
1 - 84% - 60% - 1:37
2 - 16% - 40% - 0:19
PK3 Defense
1 - 51% - 60% - 0:59
2 - 49% - 40% - 0:57
44 Forward
1 - 82% - 60% - 2:18
2 - 18% - 40% - 0:31
44 Defense
1 - 66% - 60% - 1:52
2 - 34% - 40% - 0:57
Last Minute Offensive - 0:00
Last Minute Defensive - 0:00
Total
Forward - 60:57
Defense - 60:57
|
Play-by-Play
1st period
0:01 of 1st period - Derick Brassard wins face-off versus Patrice Bergeron in neutral zone.
0:03 of 1st period - Mike Green is hit by Milan Lucic and loses puck.
0:30 of 1st period - Chris Kreider is hit by Mark Fistric and loses puck.
0:36 of 1st period - Off-side.
0:37 of 1st period - Peter Regin wins face-off versus Stephen Weiss in neutral zone.
1:04 of 1st period - Ryan Suter is hit by Cam Janssen and loses puck.
1:15 of 1st period - Slapshot by Zac Rinaldo.
1:15 of 1st period - Shot Misses the Net.
1:17 of 1st period - Snap shot by Cam Janssen.
1:17 of 1st period - Stopped by Frederik Andersen without a rebound.
1:18 of 1st period - Milan Lucic wins face-off versus Derick Brassard in Rangers zone.
1:20 of 1st period - Minor Penalty to Colten Teubert for Interference.
1:21 of 1st period - Milan Lucic wins face-off versus Derick Brassard in Rangers zone.
1:25 of 1st period - Snap shot by Jakob Silfverberg.
1:25 of 1st period - Shot Blocked by Mike Green.
3:20 of 1st period - Penalty to Colten Teubert is over, Colten Teubert is back on ice.
4:22 of 1st period - Zac Rinaldo is hit by Ryan Suter and loses puck.
4:33 of 1st period - Gustav Nyquist is hit by Chris Kreider and loses puck.
4:48 of 1st period - Lasse Kukkonen is hit by Ryan Suter and loses puck.
5:17 of 1st period - Joni Pitkanen is hit by Ryan Suter and loses puck.
5:34 of 1st period - James Neal is hit by Derick Brassard and loses puck.
5:44 of 1st period - Icing by James Neal.
5:45 of 1st period - Gustav Nyquist wins face-off versus Zac Rinaldo in Rangers zone.
6:29 of 1st period - Chris Bourque is hit by Tyler Johnson.
6:32 of 1st period - Off-side.
6:33 of 1st period - Tyler Johnson wins face-off versus Sean Couturier in neutral zone.
7:01 of 1st period - Wrist shot by Derick Brassard.
7:01 of 1st period - Shot Misses the Net.
7:26 of 1st period - Minor Penalty to Joni Pitkanen for Interference.
7:27 of 1st period - Jakob Silfverberg wins face-off versus Rick Nash in Blackhawks zone.
7:41 of 1st period - Slapshot by Derick Brassard.
7:41 of 1st period - Shot Blocked by Milan Lucic.
9:05 of 1st period - Stephen Weiss is hit by Hampus Lindholm and loses puck.
9:26 of 1st period - Penalty to Joni Pitkanen is over, Joni Pitkanen is back on ice.
10:07 of 1st period - Colten Teubert is hit by Cam Janssen and loses puck.
10:12 of 1st period - Wrist shot by Mason Raymond.
10:12 of 1st period - Shot Misses the Net.
10:14 of 1st period - Slapshot by Denis Grebeshkov.
10:14 of 1st period - Shot Misses the Net.
10:16 of 1st period - Slapshot by Denis Grebeshkov.
10:16 of 1st period - Shot Blocked by Artem Anisimov.
10:32 of 1st period - Matt Greene is hit by Daniel Cleary and loses puck.
11:17 of 1st period - Off-side.
11:18 of 1st period - Sean Couturier wins face-off versus Tyler Johnson in neutral zone.
11:37 of 1st period - Milan Lucic is hit by Derick Brassard and loses puck.
12:14 of 1st period - Icing by Colten Teubert.
12:15 of 1st period - Tyler Johnson wins face-off versus Artem Anisimov in Rangers zone.
12:20 of 1st period - Snap shot by Michael Frolik.
12:20 of 1st period - Deflect By Tyler Johnson.
12:20 of 1st period - Shot Misses the Net.
12:20 of 1st period - Puck is out of play.
12:21 of 1st period - Artem Anisimov wins face-off versus Tyler Johnson in Rangers zone.
12:44 of 1st period - Off-side.
12:45 of 1st period - Derick Brassard wins face-off versus Patrice Bergeron in neutral zone.
12:48 of 1st period - Wrist shot by Rick Nash.
12:48 of 1st period - Stopped by Frederik Andersen with a rebound.
13:12 of 1st period - Antoine Roussel is hit by Stephen Weiss and loses puck.
13:35 of 1st period - Wrist shot by Derick Brassard.
13:35 of 1st period - Shot Hit the Post.
13:37 of 1st period - Wrist shot by Rick Nash.
13:37 of 1st period - Shot Blocked by Mark Fistric.
13:47 of 1st period - Slapshot by Derick Brassard.
13:47 of 1st period - Stopped by Frederik Andersen without a rebound.
13:48 of 1st period - Tyler Johnson wins face-off versus Patrice Bergeron in Rangers zone.
13:57 of 1st period - Backhand shot by Tyler Johnson.
13:57 of 1st period - Shot Misses the Net.
13:59 of 1st period - Minor Penalty to Milan Lucic for Hooking.
14:00 of 1st period - Gustav Nyquist wins face-off versus Tyler Johnson in Rangers zone.
15:59 of 1st period - Penalty to Milan Lucic is over, Milan Lucic is back on ice.
17:13 of 1st period - Mason Raymond is hit by Magnus Paajarvi-Svensson and loses puck.
17:44 of 1st period - Antoine Roussel is hit by Jakob Silfverberg and loses puck.
18:06 of 1st period - Lasse Kukkonen is hit by Colten Teubert and loses puck.
18:48 of 1st period - Off-side.
18:49 of 1st period - Patrice Bergeron wins face-off versus Tomas Fleischmann in neutral zone.
18:51 of 1st period - Off-side.
18:52 of 1st period - Peter Regin wins face-off versus Patrice Bergeron in neutral zone.
19:04 of 1st period - Minor Penalty to Patrice Bergeron for High sticking.
19:05 of 1st period - Derick Brassard wins face-off versus Milan Lucic in Rangers zone.
19:11 of 1st period - Snap shot by Jakob Silfverberg.
19:11 of 1st period - Stopped by Jimmy Howard without a rebound.
19:12 of 1st period - Milan Lucic wins face-off versus Derick Brassard in Blackhawks zone.
19:15 of 1st period - Wrist shot by Jakob Silfverberg.
19:15 of 1st period - Stopped by Jimmy Howard with a rebound.
19:27 of 1st period - Snap shot by Derick Brassard.
19:27 of 1st period - Goal by Derick Brassard - Blackhawks : 1 - Rangers : 0.
19:28 of 1st period - Derick Brassard wins face-off versus Patrice Bergeron in neutral zone.
Goals for this period are 1 for Blackhawks vs 0 for Rangers.
Shots for this period are 4 for Blackhawks vs 2 for Rangers.
2nd period
0:01 of 2nd period - Rick Nash wins face-off versus Sean Couturier in neutral zone.
0:12 of 2nd period - Wrist shot by Antoine Roussel.
0:12 of 2nd period - Shot Misses the Net.
0:26 of 2nd period - Milan Lucic is hit by Mike Green and loses puck.
1:17 of 2nd period - Wrist shot by Zac Rinaldo.
1:17 of 2nd period - Shot Misses the Net.
1:22 of 2nd period - Minor Penalty to Chris Bourque for High sticking.
1:23 of 2nd period - Derick Brassard wins face-off versus Milan Lucic in Rangers zone.
1:29 of 2nd period - Minor Penalty to Derick Brassard for Slashing.
1:30 of 2nd period - Rick Nash wins face-off versus Milan Lucic in Blackhawks zone.
1:37 of 2nd period - Snap shot by Milan Lucic.
1:37 of 2nd period - Shot Misses the Net.
1:39 of 2nd period - Slapshot by Milan Lucic.
1:39 of 2nd period - Stopped by Jimmy Howard without a rebound.
1:40 of 2nd period - Milan Lucic wins face-off versus Rick Nash in Blackhawks zone.
1:45 of 2nd period - Slapshot by Milan Lucic.
1:45 of 2nd period - Shot Hit the Post.
1:47 of 2nd period - Slapshot by Alex Tanguay.
1:47 of 2nd period - Goal by Alex Tanguay - Blackhawks : 1 - Rangers : 1.
1:48 of 2nd period - Rick Nash wins face-off versus Milan Lucic in neutral zone.
2:33 of 2nd period - Denis Grebeshkov is hit by Cam Barker and loses puck.
2:57 of 2nd period - Wrist shot by Gustav Nyquist.
2:57 of 2nd period - Shot Hit the Post.
3:01 of 2nd period - Wrist shot by Matt Read.
3:01 of 2nd period - Shot Misses the Net.
3:19 of 2nd period - Wrist shot by Chris Kreider.
3:19 of 2nd period - Shot Blocked by Ryan Suter.
3:22 of 2nd period - Penalty to Chris Bourque is over, Chris Bourque is back on ice.
3:29 of 2nd period - Penalty to Derick Brassard is over, Derick Brassard is back on ice.
3:33 of 2nd period - Wrist shot by Patrice Bergeron.
3:33 of 2nd period - Deflect By Chris Bourque.
3:33 of 2nd period - Shot Blocked by Joni Pitkanen.
3:33 of 2nd period - Puck is out of play.
3:34 of 2nd period - Zac Rinaldo wins face-off versus Sean Couturier in Blackhawks zone.
3:34 of 2nd period - Zac Rinaldo is hit by James Neal.
3:46 of 2nd period - Wrist shot by James Neal.
3:46 of 2nd period - Shot Misses the Net.
4:00 of 2nd period - Jakob Silfverberg is hit by Peter Regin and loses puck.
5:10 of 2nd period - Snap shot by James Neal.
5:10 of 2nd period - Deflect By Sean Couturier.
5:10 of 2nd period - Shot Misses the Net.
5:10 of 2nd period - Puck is out of play.
5:11 of 2nd period - Patrice Bergeron wins face-off versus Peter Regin in Blackhawks zone.
5:16 of 2nd period - Snap shot by Milan Lucic.
5:16 of 2nd period - Stopped by Jimmy Howard with a rebound.
5:21 of 2nd period - Off-side.
5:22 of 2nd period - Derick Brassard wins face-off versus Patrice Bergeron in neutral zone.
5:24 of 2nd period - Off-side.
5:25 of 2nd period - Patrice Bergeron wins face-off versus Derick Brassard in neutral zone.
5:30 of 2nd period - Snap shot by Jakob Silfverberg.
5:30 of 2nd period - Shot Misses the Net.
5:32 of 2nd period - Slapshot by Cam Barker.
5:32 of 2nd period - Stopped by Jimmy Howard without a rebound.
5:33 of 2nd period - Patrice Bergeron wins face-off versus Derick Brassard in Blackhawks zone.
5:40 of 2nd period - Snap shot by Jakob Silfverberg.
5:40 of 2nd period - Stopped by Jimmy Howard without a rebound.
5:41 of 2nd period - Patrice Bergeron wins face-off versus Derick Brassard in Blackhawks zone.
6:10 of 2nd period - Wrist shot by Jakob Silfverberg.
6:10 of 2nd period - Stopped by Jimmy Howard without a rebound.
6:11 of 2nd period - Sean Couturier wins face-off versus Tyler Johnson in Blackhawks zone.
6:35 of 2nd period - Icing by Matt Greene.
6:36 of 2nd period - Sean Couturier wins face-off versus Peter Regin in Rangers zone.
6:44 of 2nd period - Off-side.
6:45 of 2nd period - Patrice Bergeron wins face-off versus Derick Brassard in neutral zone.
6:54 of 2nd period - Snap shot by Jakob Silfverberg.
6:54 of 2nd period - Stopped by Jimmy Howard with a rebound.
7:14 of 2nd period - Snap shot by Lasse Kukkonen.
7:14 of 2nd period - Shot Misses the Net.
7:16 of 2nd period - Slapshot by Lasse Kukkonen.
7:16 of 2nd period - Deflect By Rick Nash.
7:16 of 2nd period - Deflect By Patrice Bergeron.
7:16 of 2nd period - Shot Blocked by Cam Barker.
7:16 of 2nd period - Puck is out of play.
7:17 of 2nd period - Tyler Johnson wins face-off versus Sean Couturier in Rangers zone.
7:30 of 2nd period - Snap shot by Gustav Nyquist.
7:30 of 2nd period - Shot Misses the Net.
7:32 of 2nd period - Snap shot by Gustav Nyquist.
7:32 of 2nd period - Shot Blocked by Joni Pitkanen.
7:51 of 2nd period - Slapshot by Daniel Cleary.
7:51 of 2nd period - Shot Blocked by Ryan Suter.
8:01 of 2nd period - Matt Greene is hit by Tomas Fleischmann and loses puck.
8:08 of 2nd period - Wrist shot by Daniel Cleary.
8:08 of 2nd period - Shot Blocked by Alex Tanguay.
8:20 of 2nd period - Matt Read is hit by Peter Regin and loses puck.
8:31 of 2nd period - Snap shot by Matt Read.
8:31 of 2nd period - Shot Misses the Net.
8:33 of 2nd period - Wrist shot by Alex Tanguay.
8:33 of 2nd period - Deflect By Matt Read.
8:33 of 2nd period - Shot Hit the Post.
8:33 of 2nd period - Puck is out of play.
8:34 of 2nd period - Derick Brassard wins face-off versus Patrice Bergeron in Blackhawks zone.
8:44 of 2nd period - Minor Penalty to Antoine Roussel for Tripping.
8:45 of 2nd period - Rick Nash wins face-off versus Patrice Bergeron in Blackhawks zone.
8:54 of 2nd period - Snap shot by Patrice Bergeron.
8:54 of 2nd period - Stopped by Jimmy Howard without a rebound.
8:55 of 2nd period - Patrice Bergeron wins face-off versus Rick Nash in Blackhawks zone.
9:04 of 2nd period - Wrist shot by Milan Lucic.
9:04 of 2nd period - Stopped by Jimmy Howard with a rebound.
9:06 of 2nd period - Slapshot by Milan Lucic.
9:06 of 2nd period - Shot Misses the Net.
9:08 of 2nd period - Slapshot by Cam Barker.
9:08 of 2nd period - Shot Misses the Net.
9:10 of 2nd period - Snap shot by Milan Lucic.
9:10 of 2nd period - Shot Misses the Net.
9:14 of 2nd period - Wrist shot by Patrice Bergeron.
9:14 of 2nd period - Stopped by Jimmy Howard without a rebound.
9:15 of 2nd period - Stephen Weiss wins face-off versus Rick Nash in Blackhawks zone.
9:18 of 2nd period - Wrist shot by James Neal.
9:18 of 2nd period - Deflect By Stephen Weiss.
9:18 of 2nd period - Shot Blocked by Rick Nash.
9:18 of 2nd period - Puck is out of play.
9:19 of 2nd period - Stephen Weiss wins face-off versus Rick Nash in Blackhawks zone.
9:47 of 2nd period - Off-side.
9:48 of 2nd period - Rick Nash wins face-off versus Patrice Bergeron in neutral zone.
9:50 of 2nd period - Off-side.
9:51 of 2nd period - Rick Nash wins face-off versus Patrice Bergeron in neutral zone.
9:54 of 2nd period - Backhand shot by Rick Nash.
9:54 of 2nd period - Stopped by Frederik Andersen with a rebound.
9:56 of 2nd period - Snap shot by Derick Brassard.
9:56 of 2nd period - Stopped by Frederik Andersen with a rebound.
9:58 of 2nd period - Wrist shot by Derick Brassard.
9:58 of 2nd period - Stopped by Frederik Andersen without a rebound.
9:59 of 2nd period - Rick Nash wins face-off versus Patrice Bergeron in Rangers zone.
10:12 of 2nd period - Wrist shot by Derick Brassard.
10:12 of 2nd period - Shot Blocked by Jakob Silfverberg.
10:18 of 2nd period - Slapshot by Patrice Bergeron.
10:18 of 2nd period - Shot Blocked by Joni Pitkanen.
10:20 of 2nd period - Snap shot by Cam Barker.
10:20 of 2nd period - Shot Misses the Net.
10:28 of 2nd period - Wrist shot by Milan Lucic.
10:28 of 2nd period - Shot Blocked by Mike Green.
10:30 of 2nd period - Slapshot by Ryan Suter.
10:30 of 2nd period - Goal by Ryan Suter - Blackhawks : 1 - Rangers : 2.
10:31 of 2nd period - Derick Brassard wins face-off versus Sean Couturier in neutral zone.
11:07 of 2nd period - Wrist shot by Chris Kreider.
11:07 of 2nd period - Shot Misses the Net.
11:30 of 2nd period - Slapshot by Peter Regin.
11:30 of 2nd period - Shot Blocked by Matt Greene.
12:14 of 2nd period - Cam Janssen is hit by Alexei Emelin and loses puck.
12:33 of 2nd period - Slapshot by Chris Kreider.
12:33 of 2nd period - Stopped by Frederik Andersen with a rebound.
12:35 of 2nd period - Slapshot by Michael Frolik.
12:35 of 2nd period - Stopped by Frederik Andersen without a rebound.
12:36 of 2nd period - Derick Brassard wins face-off versus Sean Couturier in Rangers zone.
12:40 of 2nd period - Minor Penalty to Gustav Nyquist for Holding Stick.
12:41 of 2nd period - Milan Lucic wins face-off versus Derick Brassard in Rangers zone.
12:43 of 2nd period - Minor Penalty to Jakob Silfverberg for Roughing.
12:44 of 2nd period - Milan Lucic wins face-off versus Antoine Roussel in Rangers zone.
12:52 of 2nd period - Mark Fistric is hit by Joni Pitkanen and loses puck.
13:18 of 2nd period - Slapshot by Mike Green.
13:18 of 2nd period - Deflect By Chris Kreider.
13:18 of 2nd period - Shot Blocked by Mark Fistric.
13:18 of 2nd period - Puck is out of play.
13:19 of 2nd period - Derick Brassard wins face-off versus Milan Lucic in Rangers zone.
14:05 of 2nd period - Matt Greene is hit by Antoine Roussel and loses puck.
14:40 of 2nd period - Penalty to Gustav Nyquist is over, Gustav Nyquist is back on ice.
14:43 of 2nd period - Penalty to Jakob Silfverberg is over, Jakob Silfverberg is back on ice.
14:52 of 2nd period - Backhand shot by Denis Grebeshkov.
14:52 of 2nd period - Stopped by Frederik Andersen without a rebound.
14:53 of 2nd period - Stephen Weiss wins face-off versus Peter Regin in Rangers zone.
15:02 of 2nd period - Wrist shot by Alex Tanguay.
15:02 of 2nd period - Stopped by Jimmy Howard with a rebound.
15:16 of 2nd period - Slapshot by Peter Regin.
15:16 of 2nd period - Stopped by Frederik Andersen with a rebound.
15:18 of 2nd period - Wrist shot by Peter Regin.
15:18 of 2nd period - Blackhawks goal is going for a video replay.
15:18 of 2nd period - The goal is refused. The puck has been directed, batted or thrown into the net by an attacking player other than with a stick..
15:19 of 2nd period - Derick Brassard wins face-off versus Sean Couturier in Rangers zone.
15:34 of 2nd period - Backhand shot by Rick Nash.
15:34 of 2nd period - Shot Misses the Net.
15:36 of 2nd period - Slapshot by Joni Pitkanen.
15:36 of 2nd period - Shot Misses the Net.
15:46 of 2nd period - Chris Kreider is hit by Milan Lucic and loses puck.
15:55 of 2nd period - Snap shot by Milan Lucic.
15:55 of 2nd period - Stopped by Jimmy Howard without a rebound.
15:56 of 2nd period - Patrice Bergeron wins face-off versus Derick Brassard in Blackhawks zone.
16:03 of 2nd period - Wrist shot by Jakob Silfverberg.
16:03 of 2nd period - Deflect By Patrice Bergeron.
16:03 of 2nd period - Shot Misses the Net.
16:03 of 2nd period - Puck is out of play.
16:04 of 2nd period - Jakob Silfverberg wins face-off versus Derick Brassard in Blackhawks zone.
16:19 of 2nd period - Lasse Kukkonen is hit by Milan Lucic and loses puck.
16:54 of 2nd period - Snap shot by Derick Brassard.
16:54 of 2nd period - Stopped by Frederik Andersen without a rebound.
16:55 of 2nd period - Sean Couturier wins face-off versus Tyler Johnson in Rangers zone.
17:26 of 2nd period - Snap shot by Alex Tanguay.
17:26 of 2nd period - Shot Misses the Net.
17:28 of 2nd period - Slapshot by Ryan Suter.
17:28 of 2nd period - Shot Blocked by Peter Regin.
17:30 of 2nd period - Wrist shot by Matt Read.
17:30 of 2nd period - Stopped by Jimmy Howard with a rebound.
17:32 of 2nd period - Slapshot by Ryan Suter.
17:32 of 2nd period - Stopped by Jimmy Howard without a rebound.
17:33 of 2nd period - Peter Regin wins face-off versus Matt Read in Blackhawks zone.
17:45 of 2nd period - Minor Penalty to Tomas Fleischmann for Roughing.
17:46 of 2nd period - Patrice Bergeron wins face-off versus Rick Nash in Blackhawks zone.
19:40 of 2nd period - James Neal is hit by Mike Green and loses puck.
19:45 of 2nd period - Penalty to Tomas Fleischmann is over, Tomas Fleischmann is back on ice.
19:45 of 2nd period - Snap shot by Daniel Cleary.
19:45 of 2nd period - Shot Blocked by Stephen Weiss.
Goals for this period are 0 for Blackhawks vs 2 for Rangers.
Shots for this period are 9 for Blackhawks vs 15 for Rangers.
3rd period
0:01 of 3rd period - Rick Nash wins face-off versus Patrice Bergeron in neutral zone.
0:10 of 3rd period - Wrist shot by Milan Lucic.
0:10 of 3rd period - Shot Misses the Net.
0:12 of 3rd period - Slapshot by Cam Barker.
0:12 of 3rd period - Deflect By Jakob Silfverberg.
0:12 of 3rd period - Shot Misses the Net.
0:12 of 3rd period - Puck is out of play.
0:13 of 3rd period - Derick Brassard wins face-off versus Patrice Bergeron in Blackhawks zone.
0:19 of 3rd period - Icing by Rick Nash.
0:20 of 3rd period - Derick Brassard wins face-off versus Patrice Bergeron in Blackhawks zone.
0:45 of 3rd period - Mark Fistric is hit by Rick Nash.
0:49 of 3rd period - Snap shot by Derick Brassard.
0:49 of 3rd period - Shot Misses the Net.
0:51 of 3rd period - Slapshot by Joni Pitkanen.
0:51 of 3rd period - Stopped by Frederik Andersen with a rebound.
1:05 of 3rd period - Slapshot by Antoine Roussel.
1:05 of 3rd period - Goal by Antoine Roussel - Blackhawks : 2 - Rangers : 2.
1:06 of 3rd period - Tyler Johnson wins face-off versus Gustav Nyquist in neutral zone.
1:19 of 3rd period - Off-side.
1:20 of 3rd period - Patrice Bergeron wins face-off versus Derick Brassard in neutral zone.
1:25 of 3rd period - Wrist shot by Mark Fistric.
1:25 of 3rd period - Deflect By Milan Lucic.
1:25 of 3rd period - Stopped by Jimmy Howard without a rebound.
1:26 of 3rd period - Derick Brassard wins face-off versus Patrice Bergeron in Blackhawks zone.
1:31 of 3rd period - Wrist shot by Milan Lucic.
1:31 of 3rd period - Shot Blocked by Joni Pitkanen.
1:33 of 3rd period - Slapshot by Mark Fistric.
1:33 of 3rd period - Deflect By Milan Lucic.
1:33 of 3rd period - Shot Misses the Net.
1:33 of 3rd period - Puck is out of play.
1:34 of 3rd period - Derick Brassard wins face-off versus Sean Couturier in Blackhawks zone.
1:39 of 3rd period - Sean Couturier is hit by Derick Brassard and loses puck.
1:50 of 3rd period - Wrist shot by Antoine Roussel.
1:50 of 3rd period - Shot Misses the Net.
2:41 of 3rd period - Icing by Kevin Marshall.
2:42 of 3rd period - Artem Anisimov wins face-off versus Zac Rinaldo in Blackhawks zone.
2:49 of 3rd period - Snap shot by Gustav Nyquist.
2:49 of 3rd period - Stopped by Jimmy Howard with a rebound.
2:51 of 3rd period - Slapshot by Matt Greene.
2:51 of 3rd period - Deflect By James Neal.
2:51 of 3rd period - Shot Misses the Net.
2:51 of 3rd period - Puck is out of play.
2:52 of 3rd period - Derick Brassard wins face-off versus Sean Couturier in Blackhawks zone.
2:57 of 3rd period - Wrist shot by Rick Nash.
2:57 of 3rd period - Deflect By James Neal.
2:57 of 3rd period - Shot Misses the Net.
2:57 of 3rd period - Puck is out of play.
2:58 of 3rd period - Patrice Bergeron wins face-off versus Derick Brassard in Rangers zone.
3:11 of 3rd period - Slapshot by Rick Nash.
3:11 of 3rd period - Stopped by Frederik Andersen without a rebound.
3:12 of 3rd period - Sean Couturier wins face-off versus Derick Brassard in Rangers zone.
4:05 of 3rd period - Wrist shot by Alex Tanguay.
4:05 of 3rd period - Stopped by Jimmy Howard with a rebound.
4:17 of 3rd period - Minor Penalty to Lasse Kukkonen for Interference.
4:18 of 3rd period - Jakob Silfverberg wins face-off versus Derick Brassard in Blackhawks zone.
4:49 of 3rd period - Wrist shot by Gustav Nyquist.
4:49 of 3rd period - Shot Misses the Net.
4:51 of 3rd period - Snap shot by Gustav Nyquist.
4:51 of 3rd period - Shot Blocked by Tyler Johnson.
4:53 of 3rd period - Slapshot by Sean Couturier.
4:53 of 3rd period - Shot Blocked by Joni Pitkanen.
4:55 of 3rd period - Snap shot by Stephen Weiss.
4:55 of 3rd period - Goal by Stephen Weiss - Blackhawks : 2 - Rangers : 3.
4:56 of 3rd period - Derick Brassard wins face-off versus Milan Lucic in neutral zone.
5:03 of 3rd period - Wrist shot by Derick Brassard.
5:03 of 3rd period - Shot Misses the Net.
5:05 of 3rd period - Snap shot by Rick Nash.
5:05 of 3rd period - Stopped by Frederik Andersen with a rebound.
5:46 of 3rd period - Ryan Suter is hit by Peter Regin.
5:50 of 3rd period - Alex Tanguay is hit by Peter Regin and loses puck.
6:04 of 3rd period - Off-side.
6:05 of 3rd period - Artem Anisimov wins face-off versus Zac Rinaldo in neutral zone.
6:40 of 3rd period - Wrist shot by Gustav Nyquist.
6:40 of 3rd period - Shot Misses the Net.
6:42 of 3rd period - Slapshot by Cam Barker.
6:42 of 3rd period - Shot Blocked by Joni Pitkanen.
6:54 of 3rd period - Slapshot by Derick Brassard.
6:54 of 3rd period - Stopped by Frederik Andersen with a rebound.
7:02 of 3rd period - Snap shot by Rick Nash.
7:02 of 3rd period - Shot Misses the Net.
7:20 of 3rd period - Snap shot by Alex Tanguay.
7:20 of 3rd period - Stopped by Jimmy Howard with a rebound.
7:22 of 3rd period - Slapshot by Matt Greene.
7:22 of 3rd period - Stopped by Jimmy Howard with a rebound.
7:24 of 3rd period - Snap shot by Alex Tanguay.
7:24 of 3rd period - Stopped by Jimmy Howard with a rebound.
7:38 of 3rd period - Slapshot by Peter Regin.
7:38 of 3rd period - Stopped by Frederik Andersen with a rebound.
7:40 of 3rd period - Slapshot by Peter Regin.
7:40 of 3rd period - Shot Misses the Net.
8:01 of 3rd period - Snap shot by Rick Nash.
8:01 of 3rd period - Shot Blocked by James Neal.
8:03 of 3rd period - Slapshot by Mike Green.
8:03 of 3rd period - Shot Misses the Net.
8:45 of 3rd period - Snap shot by Artem Anisimov.
8:45 of 3rd period - Stopped by Jimmy Howard without a rebound.
8:46 of 3rd period - Peter Regin wins face-off versus Artem Anisimov in Blackhawks zone.
8:53 of 3rd period - Mark Fistric is hit by Denis Grebeshkov and loses puck.
8:58 of 3rd period - Snap shot by Peter Regin.
8:58 of 3rd period - Stopped by Frederik Andersen without a rebound.
8:59 of 3rd period - Derick Brassard wins face-off versus Patrice Bergeron in Rangers zone.
9:06 of 3rd period - Antoine Roussel is hit by Milan Lucic and loses puck.
9:34 of 3rd period - Slapshot by Sean Couturier.
9:34 of 3rd period - Shot Misses the Net.
9:36 of 3rd period - Wrist shot by Sean Couturier.
9:36 of 3rd period - Shot Blocked by Hampus Lindholm.
9:38 of 3rd period - Wrist shot by Mark Fistric.
9:38 of 3rd period - Shot Misses the Net.
10:33 of 3rd period - Alexei Emelin is hit by Antoine Roussel and loses puck.
10:46 of 3rd period - Wrist shot by Derick Brassard.
10:46 of 3rd period - Stopped by Frederik Andersen with a rebound.
11:00 of 3rd period - Snap shot by Derick Brassard.
11:00 of 3rd period - Deflect By Colten Teubert.
11:00 of 3rd period - Shot Misses the Net.
11:00 of 3rd period - Puck is out of play.
11:01 of 3rd period - Tyler Johnson wins face-off versus Patrice Bergeron in Rangers zone.
11:36 of 3rd period - Snap shot by Cam Janssen.
11:36 of 3rd period - Shot Misses the Net.
11:44 of 3rd period - Slapshot by Cam Barker.
11:44 of 3rd period - Deflect By Cam Janssen.
11:44 of 3rd period - Stopped by Jimmy Howard without a rebound.
11:45 of 3rd period - Tyler Johnson wins face-off versus Sean Couturier in Blackhawks zone.
12:38 of 3rd period - Slapshot by Denis Grebeshkov.
12:38 of 3rd period - Stopped by Frederik Andersen without a rebound.
12:39 of 3rd period - Antoine Roussel wins face-off versus Artem Anisimov in Rangers zone.
12:44 of 3rd period - Snap shot by Antoine Roussel.
12:44 of 3rd period - Shot Misses the Net.
12:56 of 3rd period - Backhand shot by Artem Anisimov.
12:56 of 3rd period - Stopped by Jimmy Howard with a rebound.
13:48 of 3rd period - Wrist shot by Antoine Roussel.
13:48 of 3rd period - Stopped by Frederik Andersen with a rebound.
13:50 of 3rd period - Slapshot by Joni Pitkanen.
13:50 of 3rd period - Stopped by Frederik Andersen with a rebound.
13:52 of 3rd period - Wrist shot by Rick Nash.
13:52 of 3rd period - Stopped by Frederik Andersen with a rebound.
13:54 of 3rd period - Wrist shot by Rick Nash.
13:54 of 3rd period - Goal by Rick Nash - Blackhawks : 3 - Rangers : 3.
13:55 of 3rd period - Patrice Bergeron wins face-off versus Michael Frolik in neutral zone.
14:33 of 3rd period - Snap shot by James Neal.
14:33 of 3rd period - Shot Blocked by Daniel Cleary.
14:35 of 3rd period - Slapshot by Matt Greene.
14:35 of 3rd period - Shot Misses the Net.
14:37 of 3rd period - Snap shot by Gustav Nyquist.
14:37 of 3rd period - Shot Misses the Net.
14:52 of 3rd period - Snap shot by Tomas Fleischmann.
14:52 of 3rd period - Shot Misses the Net.
15:08 of 3rd period - Wrist shot by Cam Janssen.
15:08 of 3rd period - Shot Misses the Net.
16:13 of 3rd period - Snap shot by Alex Tanguay.
16:13 of 3rd period - Shot Misses the Net.
18:05 of 3rd period - Rick Nash is hit by Gustav Nyquist.
18:10 of 3rd period - Minor Penalty to Rick Nash for Holding Stick.
18:11 of 3rd period - Patrice Bergeron wins face-off versus Daniel Cleary in Blackhawks zone.
18:28 of 3rd period - Jakob Silfverberg is hit by Daniel Cleary and loses puck.
19:31 of 3rd period - Derick Brassard is hit by Sean Couturier.
Goals for this period are 2 for Blackhawks vs 1 for Rangers.
Shots for this period are 13 for Blackhawks vs 10 for Rangers.
Overtime #1
0:01 of 1st overtime period - Milan Lucic wins face-off versus Daniel Cleary in neutral zone.
0:10 of 1st overtime period - Penalty to Rick Nash is over, Rick Nash is back on ice.
0:10 of 1st overtime period - Wrist shot by Milan Lucic.
0:10 of 1st overtime period - Stopped by Jimmy Howard with a rebound.
0:20 of 1st overtime period - Snap shot by Rick Nash.
0:20 of 1st overtime period - Shot Misses the Net.
0:55 of 1st overtime period - Snap shot by Matt Read.
0:55 of 1st overtime period - Stopped by Jimmy Howard with a rebound.
0:57 of 1st overtime period - Wrist shot by Gustav Nyquist.
0:57 of 1st overtime period - Goal by Gustav Nyquist - Blackhawks : 3 - Rangers : 4.
Goals for this period are 0 for Blackhawks vs 1 for Rangers.
Shots for this period are 0 for Blackhawks vs 3 for Rangers.
Back to the Top